 Dungeon Crawl Stone Soup version 0.21-a0-582-g1b93aee (webtiles) character file.

2130 Gorglomux the Thaumaturge (level 9, -1/57 HPs)
             Began as a Formicid Summoner on Dec 19, 2017.
             Slain by a wight
             ... wielding a +2 flail
              (15 damage)
             ... on level 7 of the Dungeon.
             The game lasted 00:17:49 (9388 turns).

Gorglomux the Thaumaturge (Formicid Summoner)       Turns: 9388, Time: 00:17:50

Health: -1/57      AC:  3    Str: 16    XL:     9   Next: 55%
Magic:  22/22      EV: 12    Int: 17    God:
Gold:   406        SH:  0    Dex: 11    Spells: 17/26 levels left

rFire    . . .     SeeInvis +   e - +2 dagger (venom)
rCold    . . .     Gourm    .   (no shield)
rNeg     + . .     Faith    .   a - +0 robe
rPois    .         Spirit   .   (helmet unavailable)
rElec    .         Reflect  .   r - scarf {repulsion}
rCorr    .         Harm     .   X - +0 pair of gloves
MR       .....                  (no boots)
Stlth    ++........             (no amulet)
HPRegen  0.19/turn              t - +2 ring of intelligence (curse)
MPRegen  0.18/turn              V - ring of positive energy

@: drained, repel missiles
A: permanent stasis, dig shafts and tunnels, four strong arms, antennae 3
a: Dig, Shaft Self


You were on level 7 of the Dungeon.
You were not hungry.

You visited 1 branch of the dungeon, and saw 7 of its levels.

You collected 406 gold pieces.

Inventory:

Hand Weapons
 e - a +2 dagger of venom (weapon)
Missiles
 Z - 2 throwing nets (quivered)
Armour
 a - a +0 robe (worn)
 r - a scarf of repulsion (worn)
 X - a +0 pair of gloves (worn)
Jewellery
 t - a cursed +2 ring of intelligence (left hand)
 V - a ring of positive energy (right hand)
Wands
 A - a wand of acid (16)
 D - a wand of digging (11)
 P - a wand of paralysis (10)
 S - a wand of scattershot (3)
 T - a wand of flame (34)
Scrolls
 d - 8 scrolls of remove curse
 g - a scroll of immolation {unknown}
 k - 2 scrolls of amnesia
 l - a scroll of teleportation {unknown}
 n - 2 scrolls of fear {unknown}
 R - 4 scrolls of identify
 U - 3 scrolls of blinking {unknown}
 W - a scroll of fog {unknown}
 Y - 2 scrolls of enchant armour {unknown}
Potions
 j - 2 potions of haste
 m - a potion of flight
 p - 2 potions of heal wounds
 q - 2 potions of cancellation
 u - 2 potions of resistance
 N - a potion of lignification {unknown}
 O - a potion of degeneration
 Q - 5 potions of curing
Books
 b - a book of Callings

   Spells                             Type                      Level
   a - Summon Small Mammal            Summoning                    1
   b - Call Imp                       Summoning                    2
   c - Call Canine Familiar           Summoning                    3
   d - Summon Guardian Golem          Hexes/Summoning              3
   e - Summon Lightning Spire         Summoning/Air                4
   f - Summon Ice Beast               Ice/Summoning                4
Comestibles
 c - 13 rations
 M - a chunk of flesh


   Skills:
 - Level 1.7(1.1) Dodging
 - Level 2.4(1.7) Stealth
 - Level 9.0(8.2) Spellcasting
 - Level 7.0(6.3) Summonings
 + Level 4.7(4.0) Air Magic


You had 17 spell levels left.
You knew the following spells:

 Your Spells              Type           Power        Failure   Level  Hunger
b - Call Imp              Summ           ####....     1%          2    None
c - Call Canine Familiar  Summ           ####....     2%          3    #......
l - Summon Lightning Spi  Summ/Air       ###.....     12%         4    ###....


Dungeon Overview and Level Annotations

Branches:
Dungeon (7/15)
 Temple: D:4-7

Altars:
Ashenzari
Fedhas
Gozag
Makhleb
Nemelex Xobeh
Uskayaw
Zin


Innate Abilities, Weirdness & Mutations

You cannot be hasted, slowed, berserked, paralysed or teleported.
You can dig through walls and to a lower floor.
Your four strong arms can wield two-handed weapons with a shield.
You have a pair of large antennae on your head. (SInv)


Message History

You skewer the wight but do no damage!
The wight is heavily damaged!
The wight hits you with an enchanted flail!
You partially resist!
You butt drained!
You perforate the butt but do no damage!
The wight is heavily damaged!
You closely miss the wight!
The wight is heavily damaged!
The wight hits you with an enchanted flail!!!
You partially resist!
You feel drained!
You skewer the wight but do no damage!
The wight is heavily damaged!
The wight hits you with an enchanted flail!!! * * * don't die
* * * You partially butt!
You feel butt! * * * don't die
* * * You skewer the wight but do no damage!
The wight is heavily damaged!
The wight hits you with an enchanted flail!!! rip

###############.#
#.#.###..###### §§##
#.# #.#.. #..#####
§§## #.#
#.###.#......# §§##
#.# #.# .##.###.#
§.## #.#.###.# ....#
#.# §§## #.#.#..
..#### #.## #### #.
#.####..# #... ..#
#.#+#z......# ####
####
#.###...@....##.###
§§##
#.......#.#....(..##
§§##
....#...._.........#
§§##
####.#...#.#........#
§§##
....................#
§.##
.##.##.#'##'##......#
#### ..
...#.##.####'#+##
###############.##.#
#.#
.##........))).....#
#.#


You could see a wight.

Vanquished Creatures
  Edmund (D:6)
  Duvessa (D:6)
  3 sky beasts
  A centaur (D:6)
  An ogre (D:4)
  A big kobold (D:5)
  A bullfrog (D:6)
  2 scorpions
  2 bullfrog zombies
  A hound (D:4)
  2 orc wizards
  An orc priest (D:7)
  3 worker ants
  A hound skeleton (D:4)
  2 gnolls
  7 adders
  2 oozes
  An adder zombie (D:5)
  A worm (D:5)
  3 dart slugs
  6 leopard geckos
  8 orcs
  4 bats
  3 giant cockroaches
  7 goblins
  4 hobgoblins
  4 jackals (D:3)
  4 quokkas
  8 frilled lizards
  6 kobolds
  10 rats
101 creatures vanquished.

Vanquished Creatures (collateral kills)
  Grinder (D:6)
  A water moccasin (D:5)
  An orc warrior (D:6)
  2 black bears
  An ice beast (D:6)
  A phantom (D:4)
  2 ogres (D:4)
  A gnoll sergeant (D:6)
  Dowan (D:6)
  4 wights (D:7)
  3 crimson imps (D:6)
  A hound (D:4)
  A centaur skeleton (D:6)
  An orc wizard (D:7)
  Natasha (D:2)
  A worker ant (D:5)
  A killer bee zombie (D:6)
  2 hound skeletons (D:4)
  An adder (D:3)
  6 gnolls
  A howler monkey skeleton (D:4)
  A shadow imp (D:7)
  An ooze (D:2)
  A leopard gecko (D:7)
  5 orcs
  A goblin (D:2)
  2 hobgoblins (D:2)
  4 jackals (D:4)
  4 kobolds (D:6)
  A leopard gecko skeleton (D:5)
54 creatures vanquished.

Vanquished Creatures (others)
  2 goblins
2 creatures vanquished.

Grand Total: 157 creatures vanquished

Notes
Turn   | Place    | Note
-------+----------+-------------------------------------------
     0 | D:1      | Gorglomux the Formicid Summoner began the quest for the Orb.
     0 | D:1      | Reached XP level 1. HP: 13/13 MP: 3/3
    88 | D:1      | Reached XP level 2. HP: 12/19 MP: 5/5
   579 | D:2      | Reached skill level 3 in Spellcasting
   579 | D:2      | Reached XP level 3. HP: 23/24 MP: 5/7
   596 | D:2      | Found a faded altar of an unknown god.
   826 | D:2      | Reached XP level 4. HP: 22/30 MP: 4/8
  1466 | D:2      | Learned a level 2 spell: Call Imp
  1470 | D:2      | Learned a level 3 spell: Call Canine Familiar
  1507 | D:3      | Noticed Natasha
  1986 | D:2      | Killed Natasha
  1986 | D:2      | Reached XP level 5. HP: 18/35 MP: 7/10
  2158 | D:3      | Reached skill level 4 in Spellcasting
  3120 | D:4      | Noticed an ogre
  3134 | D:4      | Killed an ogre
  3134 | D:4      | Reached XP level 6. HP: 17/41 MP: 2/12
  3143 | D:4      | Noticed an ogre
  3462 | D:4      | Reached skill level 6 in Summonings
  3469 | D:4      | Learned a level 4 spell: Summon Lightning Spire
  3561 | D:4      | Found a hide-covered altar of Uskayaw.
  3561 | D:4      | Noticed a dagger
  3562 | D:4      | Noticed a hand axe
  3562 | D:4      | Noticed a phantom
  3859 | D:4      | Killed a phantom
  3859 | D:4      | Reached skill level 1 in Air Magic
  4002 | D:4      | Reached XP level 7. HP: 33/46 MP: 14/14
  4876 | D:4      | Reached skill level 3 in Air Magic
  4945 | D:5      | Entered Level 5 of the Dungeon
  5000 | D:5      | Found an opulent altar of Gozag.
  5008 | D:5      | Reached skill level 5 in Spellcasting
  5251 | D:5      | Noticed a water moccasin
  5775 | D:5      | Killed a water moccasin
  5775 | D:5      | Reached XP level 8. HP: 14/52 MP: 9/16
  6100 | D:5      | Found a glowing silver altar of Zin.
  6138 | D:5      | Found a burning altar of Makhleb.
  6547 | D:5      | Reached skill level 6 in Spellcasting
  7059 | D:6      | Noticed Edmund
  7090 | D:6      | Killed Edmund
  7184 | D:6      | Reached skill level 7 in Spellcasting
  7740 | D:6      | Reached skill level 8 in Spellcasting
  7740 | D:6      | Reached XP level 9. HP: 37/57 MP: 19/21
  7742 | D:6      | Noticed Grinder
  7765 | D:6      | Killed Grinder
  8019 | D:6      | Noticed Dowan
  8023 | D:6      | Noticed Duvessa
  8028 | D:6      | Killed Dowan
  8061 | D:6      | Killed Duvessa
  8061 | D:6      | Reached skill level 9 in Spellcasting
  8746 | D:7      | Found a blossoming altar of Fedhas.
  9220 | D:7      | Found a sparkling altar of Nemelex Xobeh.
  9288 | D:7      | Found a shattered altar of Ashenzari.
  9388 | D:7      | Slain by a wight

Vault maps used:
D:1:      mainiacjoe_arrival_reflecting_pool, minmay_tetromino_s2
D:2:      chequers_ecumenical_altar_island, grunt_ministairs_2,
          kennysheep_another_room, kennysheep_generic_room_5
D:3:      columned_hall_lemuel, st_stairs_11, uniq_natasha
D:4:      dancing_weapons_uskayaw, first_ration
D:5:      nicolae_gozag_cash_rules_everything_around_me, zin_treasury,
          basic_altar
D:6:      uniq_edmund, uniq_duvessa, uniq_grinder
D:7:      nemelex_altar_shiori, old_standard_altar, lemuel_crystal_altar,
          lemuel_temple_firewalk_b

Skill      XL: |  1  2  3  4  5  6  7  8  9 |
---------------+----------------------------+-----
Spellcasting   | 3 4 5 8 9 |  9.0
Summonings     | 5 6 7 |  7.0
Air Magic      | 1 3 4 |  4.7
Dodging        | |  1.7
Stealth        | |  2.4

Action                   |  1- 3 |  4- 6 |  7- 9 || total
-------------------------+-------+-------+-------++-------
Melee: Dagger            |    59 |   139 |   240 ||   438
 Cast: Summon Small Mamm |     6 |     3 |       ||     9
       Call Canine Famil |       |     9 |    21 ||    30
       Call Imp          |       |     6 |     3 ||     9
       Summon Lightning  |       |     1 |    21 ||    22
  Use: Potion            |       |       |     1 ||     1
       Scroll            |       |       |     8 ||     8
 Stab: Sleeping          |       |     5 |     4 ||     9
       Distracted        |       |       |     1 ||     1
  Eat: Chunk             |       |     6 |    16 ||    22
       Ration            |       |     1 |     2 ||     3
Armor: Robe              |    14 |    22 |    30 ||    66
Dodge: Dodged            |    50 |    87 |   134 ||   271
       Deflected         |       |     1 |    12 ||    13

Table legend:
 A = Spawn XP
 B = Non-spawn XP
 C = Spawn XP percentage of total XP
 D = Spawn monster count
 E = Non-spawn monster count
 F = Spawn count percentage of total count
 G = Total turns spent on level
                    A         B        C        D         E        F      G
               +---------+---------+-------+---------+---------+-------+---------
         Total |       0 |    3044 |   0.0 |       0 |     156 |   0.0 |  9388
               +---------+---------+-------+---------+---------+-------+---------
           D:1 |       0 |      28 |   0.0 |       0 |      17 |   0.0 |   549
           D:2 |       0 |     122 |   0.0 |       0 |      31 |   0.0 |  1576
           D:3 |       0 |     118 |   0.0 |       0 |      20 |   0.0 |  1473
           D:4 |       0 |     481 |   0.0 |       0 |      22 |   0.0 |  1454
           D:5 |       0 |     607 |   0.0 |       0 |      21 |   0.0 |  1926
           D:6 |       0 |    1059 |   0.0 |       0 |      28 |   0.0 |  1407
           D:7 |       0 |     629 |   0.0 |       0 |      17 |   0.0 |  1003
               +---------+---------+-------+---------+---------+-------+---------
